 Dungeon Crawl Stone Soup version 0.20-a0-513-g02c11fc (webtiles) character file.

352 nubinia the Magician (level 6, -3/32 HPs)
             Began as a Deep Elf Air Elementalist on Jan 22, 2017.
             Was an Initiate of Sif Muna.
             Slain by a centaur (5 damage)
             ... on level 5 of the Dungeon.
             The game lasted 00:19:03 (4712 turns).

nubinia the Magician (Deep Elf Air Elementalist)    Turns: 4712, Time: 00:19:03

Health: -3/32      AC:  6    Str:  5    XL:     6   Next: 35%
Magic:  4/16       EV: 12    Int: 27    God:    Sif Muna [......]
Gold:   208        SH:  0    Dex: 16    Spells: 8/16 levels left

rFire    . . .     SeeInvis .   t - +2 morningstar (freeze)
rCold    . . .     Gourm    .   x - +0 leather armour (curse)
rNeg     . . .     Faith    .   (no shield)
rPois    .         Spirit   .   p - +1 helmet
rElec    .         Reflect  .   (no cloak)
rCorr    .         Harm     .   (no gloves)
MR       .....                  u - +0 pair of boots
Stlth    ++........             (no amulet)
Regen    0.1/turn               (no ring)
                                w - +6 ring of intelligence

@: very slightly contaminated, repel missiles, invisible
A: no striking features
a: Renounce Religion


You were on level 5 of the Dungeon.
You worshipped Sif Muna.
Sif Muna was noncommittal.
You were not hungry.

You visited 1 branch of the dungeon, and saw 5 of its levels.

You collected 208 gold pieces.

Inventory:

Hand Weapons
 e - a +0 short sword
 i - a +1 whip of electrocution
 s - a +3 blowgun
 t - a +2 morningstar of freezing (weapon)
 y - the +6 dagger of the Purple Skies {vamp, rPois rF- rN+ Int+8, unknown}
   (You found it on level 4 of the Dungeon)

   It inflicts no extra harm, but heals its wielder when it wounds a living foe.
   It affects your intelligence (+8).
   It makes you vulnerable to fire.
   It protects you from poison.
   It protects you from negative energy.
Missiles
 n - 6 needles of paralysis
 q - 29 poisoned needles
Armour
 a - a +0 robe
 l - a +0 buckler
 p - a +1 helmet (worn)
 u - a +0 pair of boots (worn)
 x - a cursed +0 leather armour (worn)
Jewellery
 w - a +6 ring of intelligence (left hand)
Scrolls
 h - a scroll of teleportation
 j - 2 scrolls of fog
 m - a scroll of blinking
 r - a scroll of recharging
Potions
 d - a potion of cancellation
 g - a potion of berserk rage {unknown}
 k - 2 potions of agility
 o - a potion of magic {unknown}
 v - a potion of cure mutation
 z - a potion of might {unknown}
 A - a potion of haste {unknown}
Books
 b - a book of Air

   Spells                             Type                      Level
   a - Shock                          Conjuration/Air              1
   b - Swiftness                      Charms/Air                   2
   c - Repel Missiles                 Charms/Air                   2
   d - Static Discharge               Conjuration/Air              3
   e - Lightning Bolt                 Conjuration/Air              5
Comestibles
 c - 4 bread rations
 B - 6 fruits
 C - 2 chunks of flesh


   Skills:
 + Level 0.2 Fighting
 + Level 0.1 Maces & Flails
 + Level 2.8 Dodging
 + Level 3.6 Stealth
 * Level 5.8 Spellcasting
 * Level 3.3 Conjurations
 * Level 1.3 Charms
 + Level 4.3 Air Magic


You had 8 spell levels left.
You knew the following spells:

 Your Spells              Type           Power        Failure   Level  Hunger
a - Shock                 Conj/Air       ####         2%          1    None
b - Static Discharge      Conj/Air       ####....     10%         3    None
r - Repel Missiles        Chrm/Air       ###...       8%          2    None
s - Swiftness             Chrm/Air       ###.....     8%          2    None


Dungeon Overview and Level Annotations

Branches:
Dungeon (5/15)
 Temple: D:4-7

Altars:
Fedhas
Gozag
Okawaru
Sif Muna
The Shining One

Shops:
D:4 =

Annotations:
D:5 exclusion: centaur


Message History

Unknown command.
Casting: Static Discharge
Confirm with . or Enter, or press ? or * to list all spells.
The centaur is struck by lightning.
The centaur is moderately wounded.
The lightning arcs!
You are struck by lightning.
The lightning grounds out.
The centaur misses you.
Casting: Static Discharge
Confirm with . or Enter, or press ? or * to list all spells.
The centaur is struck by lightning.
The centaur is heavily wounded.
The lightning arcs!
You are struck by lightning.
The lightning grounds out.
The centaur barely misses you. The centaur hits you!
* * * LOW HITPOINT WARNING * * *
It was a potion of cure mutation.
It has a very clean taste.
The centaur hits you.
* * * LOW HITPOINT WARNING * * *
You fade into invisibility!
The centaur hits you.
You die...

## ##### #.
.####.... #.
........# ##.
###.###.#
##..####### ...
#.[ #..c@((...#
#.###.#
#.....######.#
#.....# #.###
#.#.#####.###
#.#.......#
#####.#.###.###
#...#.#.###.#####
#.#........รท.....
#...#######.#####
##.###.########.#


You could see a centaur.

Vanquished Creatures
  A howler monkey (D:4)
  A hound (D:5)
  An orc wizard (D:3)
  3 worker ants
  A killer bee zombie (D:4)
  A gnoll (D:1)
  5 adders
  An ooze (D:1)
  A worm (D:4)
  An adder skeleton (D:4)
  2 dart slugs
  6 leopard geckos
  5 orcs
  A ball python (D:4)
  5 giant cockroaches
  4 goblins
  10 hobgoblins
  3 jackals (D:2)
  10 kobolds
  2 quokkas
  11 bats
  5 frilled lizards
  12 rats
92 creatures vanquished.

Vanquished Creatures (others)
  A plant (D:1)
1 creature vanquished.

Grand Total: 93 creatures vanquished

Notes
Turn   | Place    | Note
-------+----------+-------------------------------------------
     0 | D:1      | nubinia the Deep Elf Air Elementalist began the quest for the Orb.
     0 | D:1      | Reached XP level 1. HP: 10/10 MP: 6/6
   141 | D:1      | Reached XP level 2. HP: 15/15 MP: 0/8
   145 | D:1      | Learned a level 2 spell: Repel Missiles
   148 | D:1      | Learned a level 2 spell: Swiftness
   491 | D:1      | Reached XP level 3. HP: 6/19 MP: 6/9
   943 | D:1      | Learned a level 3 spell: Static Discharge
  1911 | D:2      | Reached XP level 4. HP: 24/24 MP: 9/11
  2081 | D:2      | Reached skill level 4 in Spellcasting
  2622 | D:2      | Found an iron altar of Okawaru.
  2772 | D:3      | Found a deep blue altar of Sif Muna.
  2817 | D:3      | Became a worshipper of Sif Muna the Loreminder
  3402 | D:3      | Found a blossoming altar of Fedhas.
  3402 | D:3      | Found an opulent altar of Gozag.
  3440 | D:3      | Reached XP level 5. HP: 28/28 MP: 10/13
  3885 | D:4      | Reached skill level 5 in Spellcasting
  3998 | D:4      | Found Iffifuiz's Jewellery Boutique.
  4030 | D:4      | Got a steaming dagger
  4241 | D:4      | Reached XP level 6. HP: 22/32 MP: 9/16
  4350 | D:4      | Found a glowing golden altar of the Shining One.
  4410 | D:4      | Found a blossoming altar of Fedhas.
  4499 | D:5      | Entered Level 5 of the Dungeon
  4502 | D:5      | Reached skill level 1 in Charms
  4712 | D:5      | Slain by a centaur

Vault maps used:
D:1:      minmay_arrival_widening_spiral_wide, minmay_misc_feat_room,
          roderic_lattice_a, minivault_4, hex_large, serial_bayou_lagoon_a,
          minmay_split_cup_large
D:2:      cheibrodos_helix_gallery, nicolae_overflow_hidden_temple
D:3:      nicolae_overflow_crystal_walls, gammafunk_temple_overflow_elements
D:4:      lemuel_doored_altar, first_bread, serial_shops, shop,
          fedhas_altar_fruit_tree
D:5:      grunt_temple_overflow_diamond

Skill      XL: |  1  2  3  4  5  6 |
---------------+-------------------+-----
Stealth        | 3 |  3.6
Spellcasting   | 4 5 |  5.8
Conjurations   | 2 3 |  3.3
Air Magic      | 4 |  4.3
Charms         | 1 |  1.3
Fighting       | |  0.2
Maces & Flails | |  0.1
Dodging        | |  2.8

Action                   |  1- 3 |  4- 6 || total
-------------------------+-------+-------++-------
Melee: Short sword       |    10 |       ||    10
       Whip              |     5 |    10 ||    15
       Morningstar       |       |     1 ||     1
 Cast: Shock             |    68 |   128 ||   196
       Repel Missiles    |     1 |       ||     1
       Static Discharge  |       |     4 ||     4
  Use: Scroll            |     7 |     6 ||    13
       Potion            |       |     2 ||     2
 Stab: Sleeping          |     7 |       ||     7
  Eat: Chunk             |     3 |     6 ||     9
       Royal jelly       |       |     1 ||     1
Armor: Robe              |    10 |       ||    10
       Leather armour    |       |     2 ||     2
Dodge: Dodged            |    13 |    22 ||    35
       Deflected         |     1 |     1 ||     2
